 Dungeon Crawl Stone Soup version 0.27.1-34-g3ba077fa99 (webtiles) character file.

Game seed: 7482133925822143360

1090 unlimited1921 the Magician (level 8, -1/52 HPs)
             Began as a Djinni Fire Elementalist on Jan 21, 2022.
             Killed from afar by a gargoyle (11 damage)
             ... with a stone arrow
             ... on level 6 of the Dungeon.
             The game lasted 00:44:32 (8803 turns).

unlimited1921 the Magician (DjFE)                   Turns: 8803, Time: 00:44:33

Health: -1/52      AC: 10    Str:  7    XL:     8   Next: 56%
Gold:   433        EV: 11    Int: 18    God:
                   SH:  0    Dex: 13

rFire    + + .     SeeInvis .   i - +0 hunting sling
rCold    x . .     Faith    .   (no shield)
rNeg     + . .     Spirit   .   r - +0 leather armour {rN+}
rPois    ∞         Reflect  .   n - +2 helmet "Renwoh" {+Blink Will+ Dex-2 Stlth+}
rElec    .         Harm     .   C - +0 cloak
rCorr    .         Rampage  .   e - +2 pair of gloves
Will     +....                  (boots unavailable)
Stlth    +++.......             (no amulet)
HPRegen  0.17/turn              m - ring of wizardry
MPRegen  0.00/turn              (no ring)

@: flying
A: sickness immunity, fire resistance 2, cold vulnerability 1, float, innate
caster, hp casting, extra vitality 1
a: Evoke Blink


You were on level 6 of the Dungeon.
You visited 1 branch of the dungeon, and saw 6 of its levels.

You collected 964 gold pieces.
You spent 531 gold pieces at shops.

Inventory:

Hand Weapons
 h - a +0 long sword
 i - a +0 hunting sling (weapon)
 q - a +2 short sword of venom
 w - a +2 vorpal hand axe
 B - a +3 quarterstaff of chaos
Missiles
 g - 141 stones (quivered ammo)
 A - 13 poisoned darts
Armour
 a - a +0 robe
 e - a +2 pair of gloves (worn)
 n - the +2 helmet "Renwoh" (worn) {+Blink Will+ Dex-2 Stlth+}
   (You bought it in a shop on level 5 of the Dungeon)

   Dex:       It affects your dexterity (-2).
   +Blink:    It lets you blink.
   Will:      It increases your willpower.
   Stlth:     It makes you more stealthy.
 r - a +0 leather armour of positive energy (worn)
 y - a +1 leather armour of cold resistance
 C - a +0 cloak (worn)
Jewellery
 m - a ring of wizardry (left hand)
Wands
 c - a wand of polymorph (11)
 k - a wand of digging (7)
 v - a wand of iceblast (9)
Scrolls
 b - 2 scrolls of noise
 f - a scroll of silence
 l - a scroll of magic mapping {unknown}
 p - a scroll of fear
 s - a scroll of enchant weapon
 u - a scroll of teleportation {unknown}
 D - a scroll of holy word {unknown}
Potions
 d - a potion of brilliance
 j - 2 potions of curing
 o - a potion of cancellation
 t - a potion of flight
 x - a potion of mutation {unknown}
 z - a potion of haste
 E - a potion of heal wounds {unknown}


   Skills:
 + Level 1.3 Fighting
 + Level 3.3 Slings
 + Level 2.6 Armour
 + Level 2.5 Dodging
 + Level 2.3 Stealth
 * Level 6.1 Spellcasting


You couldn't memorise any spells.
You knew the following spells:

 Your Spells              Type           Power      Damage    Failure   Level
a - Foxfire               Conj/Fire      100%       2x1d9     1%          1
b - Conjure Flame         Conj/Fire      27%        6-21      1%          3
c - Inner Flame           Hex/Fire       27%        N/A       1%          3
d - Sticky Flame          Conj/Fire      27%        2d5       6%          4
e - Fireball              Conj/Fire      13%        3d7       16%         5
f - Magic Dart            Conj           100%       1d8       1%          1
g - Corpse Rot            Necr/Air       N/A        N/A       1%          2
h - Dazzling Flash        Conj/Hex       54%        N/A       1%          3
Your spell library was empty.

Dungeon Overview and Level Annotations

Branches:
Dungeon (6/15)
 Temple: D:4-7

Altars:
Fedhas
Ru

Shops:
D:5 [   D:6 *

Annotations:
D:3 DrStoges's ghost, amateur DjEn; Sigmund; buriedalive's ghost, amateur DEIE; cbfl8's ghost, amateur MiWn; cbfl8's ghost, weakling MiDe; rozman's ghost, amateur GnCK
D:5 1 runed translucent door, Lobster4's ghost, novice HuHu


Innate Abilities, Weirdness & Mutations

You are immune to sickness and miasma.
You are immune to poison.
Your flesh is very heat resistant. (rF++)
You are vulnerable to cold. (rC-)
You float through the air rather than walking.
You learn spells naturally, not from books.
Your magical power is your life essence.
You have superior vitality. (+4 HP)


Message History

There is an open door here.
The killer bee zombie hits you.
The gargoyle hits you but does no damage.
The killer bee zombie hits you but does no damage.
The gargoyle hits you but does no damage.
Casting: Inner Flame (safe; 1% risk of failure)
Confirm with . or Enter, or press ? or * to list all spells.
Aiming: Inner Flame (safe; 1% risk of failure)
Press: ? - help, Shift-Dir - straight line, f/p - killer bee zombie
Aim: a killer bee zombie (severely damaged, inner flame, chance to affect: 91%)
Okay, then.
Unknown command.
Casting: Inner Flame (safe; 1% risk of failure)
Confirm with . or Enter, or press ? or * to list all spells.
You don't know that spell.
Unknown command.
Unknown command.
Casting: Inner Flame (safe; 1% risk of failure)
Confirm with . or Enter, or press ? or * to list all spells.
You conjure some foxfire!
The killer bee zombie hits you.
The killer bee zombie closely misses you.
The gargoyle hurls a stone arrow at you.
The stone arrow hits you.
The foxfire hits the killer bee zombie.
Flame seeps out of the killer bee zombie.
The killer bee zombie is almost destroyed.
The foxfire hits the killer bee zombie.
Flame seeps out of the killer bee zombie.
The killer bee zombie is almost destroyed.
The killer bee zombie is engulfed in blazing flames.
The killer bee zombie explodes!
The fiery explosion engulfs the gargoyle!
The gargoyle is moderately damaged.
The gargoyle hits you with a +0 mace!
* * * LOW HITPOINT WARNING * * *
There is an open door here.
You fail to use your ability.
The gargoyle hurls a stone arrow at you.
The stone arrow hits you!
You die...

#. .. #. #.#...# # #. ...# #.
#.#...# #.#. ...#.#.
###.#...##### #####.#. .....#.
............. ......#. .......
......... .......< .......
###...... ........
#......###§§.##.###############.
(....)...§.§.'9@................
#....).###§§.##.####..........##
#....)o #...##....+..........#
#...... #...#######..........##
#...... #...# ###.##########
#.^.... #...# #.....# # #......
##### #.....# # #...... #.....#
# ###### #.∩...########


You could see a gargoyle.

Vanquished Creatures
  A sky beast (D:6)
  A black bear (D:5)
  An ice beast (D:6)
  An ogre (D:5)
  A phantom (D:5)
  3 scorpions
  A water moccasin skeleton (D:6)
  A hound (D:5)
  A gnoll shaman (D:5)
  An orc priest (D:4)
  A centaur skeleton (D:5)
  An iguana (D:4)
  Crazy Yiuf (D:5)
  A killer bee zombie (D:6)
  8 gnolls
  A howler monkey skeleton (D:6)
  6 adders
  A shadow imp (D:6)
  An ufetubus (D:5)
  An adder skeleton (D:4)
  3 worms
  2 dart slugs
  12 orcs
  2 bats (D:1)
  4 endoplasms
  A giant cockroach (D:2)
  9 goblins
  4 hobgoblins
  4 jackals (D:4)
  3 quokkas
  5 frilled lizards
  6 kobolds
  4 rats
93 creatures vanquished.

Vanquished Creatures (others)
  165 foxfires
  2 withered plants (D:5)
167 creatures vanquished.

Grand Total: 260 creatures vanquished

Notes
Turn   | Place    | Note
-------+----------+-------------------------------------------
     0 | D:1      | unlimited1921 the Djinni Fire Elementalist began the quest
                  | for the Orb.
     0 | D:1      | Reached XP level 1. HP: 15/15 MP: 0/0
   322 | D:1      | Reached XP level 2. HP: 12/21 MP: 0/0
   806 | D:1      | Reached skill level 3 in Spellcasting
  1301 | D:1      | Reached XP level 3. HP: 24/25 MP: 0/0
  1301 | D:1      | Learned a level 1 spell: Magic Dart
  2591 | D:2      | Found a faded altar of an unknown god.
  3030 | D:2      | Reached XP level 4. HP: 20/31 MP: 0/0
  3995 | D:3      | Noticed Sigmund
  4213 | D:3      | Noticed rozman's ghost (amateur GnCK)
  4214 | D:3      | Noticed cbfl8's ghost (amateur MiWn)
  4216 | D:3      | Noticed buriedalive's ghost (amateur DEIE)
  4217 | D:3      | Noticed DrStoges's ghost (amateur DjEn)
  4217 | D:3      | Noticed cbfl8's ghost (weakling MiDe)
  4550 | D:4      | Reached skill level 1 in Slings
  4552 | D:4      | Reached XP level 5. HP: 30/36 MP: 0/0
  4552 | D:4      | Learned a level 2 spell: Corpse Rot
  5314 | D:4      | Found a sacrificial altar of Ru.
  5602 | D:4      | Reached skill level 1 in Fighting
  5613 | D:4      | Reached XP level 6. HP: 32/42 MP: 0/0
  5630 | D:4      | Reached skill level 4 in Spellcasting
  6291 | D:5      | Entered Level 5 of the Dungeon
  6300 | D:5      | Noticed a black bear
  6306 | D:5      | Killed a black bear
  6384 | D:5      | Noticed an ogre
  6388 | D:5      | Killed an ogre
  6389 | D:5      | Reached skill level 1 in Armour
  6389 | D:5      | Reached XP level 7. HP: 42/47 MP: 0/0
  6389 | D:5      | Learned a level 3 spell: Dazzling Flash
  6727 | D:5      | Reached skill level 5 in Spellcasting
  6868 | D:5      | Found a runed translucent door.
  6873 | D:5      | Noticed Lobster4's ghost (novice HuHu)
  6894 | D:5      | Identified a scroll of acquirement
  6983 | D:5      | Found Ytoabi Etur's Armour Emporium.
  6992 | D:5      | Acquired 742 gold pieces
  6996 | D:5      | Bought the +2 helmet "Renwoh" {+Blink Will+ Dex-2 Stlth+}
                  | for 327 gold pieces
  7143 | D:5      | Found a runed translucent door.
  7144 | D:5      | Noticed Crazy Yiuf
  7179 | D:5      | Killed Crazy Yiuf
  7767 | D:6      | Reached XP level 8. HP: 41/52 MP: 0/0
  8052 | D:6      | Found a blossoming altar of Fedhas.
  8107 | D:6      | Found Coehu Bai's Assorted Antiques.
  8112 | D:6      | Bought a lumpy brown potion for 18 gold pieces
  8112 | D:6      | Bought a scroll of identify for 42 gold pieces
  8112 | D:6      | Bought a scroll labelled PIROKE TOSIHIN for 21 gold pieces
  8112 | D:6      | Bought an inky potion for 18 gold pieces
  8114 | D:6      | Bought a short lead wand for 84 gold pieces
  8114 | D:6      | Bought a scroll labelled VUCHAES IWAM for 21 gold pieces
  8446 | D:6      | Reached skill level 6 in Spellcasting
  8793 | D:6      | Noticed a gargoyle
  8803 | D:6      | Killed from afar by a gargoyle

Illustrated notes

Levels and vault maps discovered:
D:1:      matt_arrival_refuge, layout_loops_cross
D:2:      layout_loops_corners, hellmonk_ecumenical_altar_crossroads
D:3:      layout_rooms, nicolae_yredelemnul_ghost_church,
          gammafunk_ghost_cemetery, grunt_decor_cap, small_statue_intersection,
          uniq_sigmund, uniq_ijyb
D:4:      layout_loops_ring, amcnicky_altar_gilded
D:5:      layout_rooms, serial_shops, shop, gammafunk_ghost_grave,
          uniq_crazy_yiuf_cottage
D:6:      layout_basic, mainiacjoe_overflow_chevrons, serial_shops, shop

Skill      XL: |  1  2  3  4  5  6  7  8 |
---------------+-------------------------+-----
Spellcasting   | 3 4 5 6 |  6.1
Slings         | 1 2 3 |  3.3
Stealth        | 2 |  2.3
Fighting       | 1 |  1.3
Armour         | 1 2 |  2.6
Dodging        | |  2.5

Action                   |  1- 3 |  4- 6 |  7- 9 || total
-------------------------+-------+-------+-------++-------
 Fire: Hunting sling     |    24 |    48 |    27 ||    99
 Cast: Foxfire           |    52 |    33 |    29 ||   114
       Inner Flame       |       |    28 |    27 ||    55
       Conjure Flame     |       |     1 |       ||     1
  Use: Scroll            |       |     5 |     6 ||    11
       Potion            |       |       |     4 ||     4
Armor: Leather armour    |       |     4 |    10 ||    14
Dodge: Dodged            |    15 |     6 |     7 ||    28
